Cogmind - Beta 16 @@@ ROGUE MODE // 2026.01.10 @ 23:49:14 Player: Rocket Result: Destroyed by S-10 Pest with Light Assault Rifle Performance ------------- Evolutions (0) 0 Regions Visited (1) 200 Robots Destroyed (9) 45 Value Destroyed (78) 78 Prototype IDs (0) 0 Alien Tech Used (0) 0 Bonus (0) 0 TOTAL SCORE: 323 Bonus ------- None Cogmind --------- Core Integrity 0/250 Matter 40/300 Energy 99/100 System Corruption 0% Temperature Cool (0) Movement Rolling (185) Ox7 Location -10/Materials Parts ------- > --- POWER (1) -------- (None) > --- PROPULSION (2) --- Wheel > --- UTILITY (2) ------ Huge Storage Unit > --- WEAPON (2) ------- (None) > --- INVENTORY (25) --- Aluminum Leg Aluminum Leg Compact Wheel Medium Matter Pod (0) Tractor Beam Peak State ------------ > --- POWER ------------ Ion Engine > --- PROPULSION ------- Aluminum Leg Aluminum Leg > --- UTILITY ---------- Huge Storage Unit > --- WEAPON ----------- Assault Rifle Light Assault Rifle > --- INVENTORY -------- Wheel Compact Wheel [Rating: 6] Favorites ----------- Power Ion Engine Engine Ion Engine Propulsion Wheel Treads Light Treads Leg Aluminum Leg Wheel Wheel Utility Huge Storage Unit Storage Huge Storage Unit Weapon Light Cannon Ballistic Gun Assault Rifle Ballistic Cannon Light Cannon Build | -11 -10 ------- Run | Yrd Mat Slots Evolved . | . . Power . | . . Propulsion . | . . Utility . | . . Weapon . | . . Parts Attached 15 | 7 8 Power 1 | 1 . Engine 1 | 1 . Core . | . . Reactor . | . . Propulsion 10 | 4 6 Treads 3 | 2 1 Leg 2 | 2 . Wheel 5 | . 5 Hover . | . . Flight . | . . Utility 1 | . 1 Device . | . . Storage 1 | . 1 Processor . | . . Hackware . | . . Protection . | . . Artifact . | . . Weapon 3 | 2 1 Energy Gun . | . . Energy Cannon . | . . Ballistic Gun 2 | 2 . Ballistic Cannon 1 | . 1 Launcher . | . . Special Weapon . | . . Impact Weapon . | . . Slashing Weapon . | . . Piercing Weapon . | . . Special Melee Weapon . | . . Unidentified Prototypes . | . . Parts Lost 6 | . 6 Power 1 | . 1 Propulsion 3 | . 3 Utility . | . . Weapon 2 | . 2 Highest Loss Streak 6 | . 6 To Critical Strikes . | . . Average Backups 4 | 1 5 Power . | . . Propulsion 2 | 1 3 Utility 1 | . 1 Weapon . | . . Tool/Special . | . . Unused Backups 2 | . 2 Power . | . . Propulsion . | . . Utility 2 | . 2 Weapon . | . . Tool/Special . | . . Average Slot Usage (%) 79 | . 79 Engine 13 | . 13 Treads 1 | . 1 Leg 2 | . 2 Wheel 21 | . 21 Storage 12 | . 12 Ballistic Gun 16 | . 16 Ballistic Cannon 9 | . 9 Peak Build Rating 6 | 5 6 Average Rating 5 | 3 5 On Entrance 2 | . 5 Avg Prop Armor Cover (%) 12 | . 12 Naked Turns . | . . Heaviest Build 90 | 8 90 Greatest Support 40 | 40 26 Greatest Overweight (x) 8 | . 8 Average Overweight (x) 3 | . 3 Largest Inventory Capacity 25 | 5 25 Average Capacity 21 | 5 23 Most Carried 7 | 2 7 Average Carried 4 | 1 5 Final Capacity 25 | 5 25 Final Carried 5 | 2 5 Class Distribution -------------------- 100% | Mutant Dominant Class ---------------- Mutant | -10/Materials Resources | -11 -10 ----------- Run | Yrd Mat Matter Collected 328 | 197 131 Remotely . | . . Salvage Created 153 | . 153 Parts 15 | . 15 Haulers Intercepted 1 | . 1 Recyclers Shooed 1 | . 1 Parts Field Recycled . | . . Retrieved Matter . | . . Parts Self-Destructed . | . . Prevented . | . . Parts Restored . | . . Kills | -11 -10 ------- Run | Yrd Mat Combat Hostiles Destroyed 5 | . 5 Guns 3 | . 3 Cannons 2 | . 2 Classes Destroyed 4 | . 4 Builder 2 | . 2 Hauler 1 | . 1 Watcher 1 | . 1 Swarmer 5 | . 5 Best Kill Streak 2 | . 2 Combat Bots Only 2 | . 2 Max Kills in Single Turn 1 | . 1 Gunslinging . | . . Exploded . | . . Melee . | . . Uniques/NPCs Destroyed . | . . Combat | -11 -10 -------- Run | Yrd Mat Hostile Shots Fired 124 | . 124 Missed 26 | . 26 Hits 98 | . 98 Projectile 98 | . 98 Damage Taken 781 | . 781 Core 251 | . 251 Absorbed by Shields . | . . Core Remaining (%) 100 | 100 . Volleys Fired 42 | . 42 Largest 2 | . 2 Hottest 50 | . 50 Shots Fired 74 | . 74 Gun 42 | . 42 Cannon 32 | . 32 Launcher . | . . Special . | . . Kinetic 74 | . 74 Thermal . | . . Explosive . | . . Electromagnetic . | . . Robot Hit Streak 6 | . 6 Robot Miss Streak 3 | . 3 Penetration Max . | . . Secondary Targets . | . . Shots Hit Robots 42 | . 42 Core Hits 14 | . 14 Critical Kills . | . . Critical Parts Destroyed . | . . Critical Strikes 3 | . 3 Blast 3 | . 3 Melee Attacks . | . . Impact . | . . Slashing . | . . Piercing . | . . Sneak Attacks . | . . Combat Hostiles . | . . Follow-up Attacks . | . . Damage Inflicted 533 | . 533 Guns 204 | . 204 Cannons 329 | . 329 Explosions . | . . Melee . | . . Ramming . | . . Kinetic 533 | . 533 Thermal . | . . Explosive . | . . Electromagnetic . | . . Impact . | . . Slashing . | . . Piercing . | . . Highest Corruption . | . . Average Corruption . | . . Corruption Purged . | . . Corruption Blocked . | . . Overload Shots . | . . Overflow Damage 5 | . 5 Projectiles 5 | . 5 Explosions . | . . Melee . | . . Knockbacks 6 | . 6 Impact . | . . Kinetic 6 | . 6 Secondary . | . . Self-Inflicted Damage . | . . Shots . | . . Rammed . | . . Targets Rammed . | . . Kicked . | . . Crushed . | . . Highest Temperature 20 | . 20 Average Temperature 8 | . 8 Received Heat Transfer . | . . Siege Activations . | . . Martial Activations . | . . Shielding Activations . | . . Robots Disrupted . | . . Combat Hostiles . | . . Robots Corrupted . | . . Combat Hostiles . | . . Parts Fried . | . . Impact Corruptions . | . . Robots Melted . | . . Combat Hostiles . | . . Parts Melted . | . . Heat Transferred . | . . Parts Sabotaged . | . . Parts Stolen . | . . Parts Stripped . | . . Power Chain Reactions . | . . Alert | -11 -10 ------- Run | Yrd Mat Maximum Alert Level . | . . Low Security (%) 100 | 100 100 Level 1 . | . . Level 2 . | . . Level 3 . | . . Level 4 . | . . Level 5 . | . . High Security . | . . Max Security . | . . Peak Influence 65 | . 65 Initial . | . . Average 12 | . 14 Influence Increases 154 | . 154 Destroy 0b10 Robot/C 100 | . 100 Destroy 0b10 Robot/NC 20 | . 20 Destroy Leader 34 | . 34 Influence Decreases 142 | . 142 Time Decay 83 | . 83 Lost Part 59 | . 59 Squads Dispatched . | . . Investigation . | . . Extermination . | . . Reinforcement . | . . Assault . | . . Garrison . | . . Intercept . | . . Searches Triggered . | . . Construction Impeded . | . . Haulers Reinforced . | . . Active Scanning Responses . | . . Cargo Convoy Interrupts . | . . Stealth | -11 -10 --------- Run | Yrd Mat Distress Signals . | . . Communications Jammed . | . . Distress Signals . | . . Times Spotted 12 | . 12 Peak Tracking Total 5 | . 5 Tactical Retreats . | . . Traps | -11 -10 ------- Run | Yrd Mat Traps Triggered 2 | . 2 Indirectly . | . . Trap Hack Attempts . | . . Triggered . | . . Disarmed . | . . Reprogrammed . | . . Reused . | . . Traps Extracted . | . . Installed . | . . Triggered . | . . Machines | -11 -10 ---------- Run | Yrd Mat Machines Disabled . | . . Max in Single Turn . | . . Machines Repaired . | . . Machines Dismantled . | . . Machines Sabotaged . | . . Overloaded Fab Kills . | . . Hacking | -11 -10 --------- Run | Yrd Mat Machines Accessed 3 | . 3 Terminals 2 | . 2 Fabricators . | . . Repair Stations . | . . Recycling Units 1 | . 1 Scanalyzers . | . . Garrison Access . | . . Total Hacks 9 | . 9 Successful 1 | . 1 Failed 8 | . 8 Catastrophic 1 | . 1 Database Lockouts . | . . Manual 7 | . 7 Terminals 7 | . 7 Fabricators . | . . Repair Stations . | . . Recycling Units 2 | . 2 Scanalyzers . | . . Garrison Access . | . . Terminal Hacks . | . . Fabricator Hacks . | . . Repair Station Hacks . | . . Recycling Unit Hacks 1 | . 1 Retrieve Components 1 | . 1 Scanalyzer . | . . Garrison Access Hacks . | . . Unauthorized Hacks . | . . Terminals . | . . Fabricators . | . . Repair Stations . | . . Recycling Units . | . . Scanalyzers . | . . Garrison Access . | . . Data Cores Recovered . | . . Used . | . . Hacking Detections 2 | . 2 Full Trace Events 2 | . 2 Feedback Events . | . . Feedback Blocked . | . . Robot Schematics Acquired . | . . Robots Built . | . . Authchips . | . . Time . | . . Total Robot Build Rating . | . . Part Schematics Acquired . | . . Parts Built . | . . Authchips . | . . Time . | . . Total Part Build Rating . | . . Part Studies Acquired . | . . Parts Repaired . | . . Time . | . . Parts Recycled . | . . Recycled Matter . | . . Retrieved Matter . | . . Retrieved Components . | . . Parts Scanalyzed . | . . Part Schematics Acquired . | . . Parts Damaged . | . . Bothacking | -11 -10 ------------ Run | Yrd Mat Used RIF Installer . | . . Robots Hacked . | . . Non-combat . | . . Combat . | . . Robot Hacks Applied . | . . Relay Couplers Released . | . . Fabnet Peak Effective % . | . . Robots Rewired . | . . Allies Hacked . | . . Hacks Repelled . | . . Allies | -11 -10 -------- Run | Yrd Mat Total Allies . | . . Largest Group . | . . Highest-Rated Group . | . . Highest-Rated Ally . | . . Total Orders . | . . Ally Attacks . | . . Total Damage . | . . Kills . | . . Allies Corrupted . | . . Allies Melted . | . . Intel | -11 -10 ------- Run | Yrd Mat Active Infowar (turns) . | . . Robot Analysis Total . | . . Derelict Logs Recovered . | . . Drone Launches . | . . Drone Recoveries . | . . Exploration | -11 -10 ------------- Run | Yrd Mat Turns Passed 575 | 73 502 Spaces Moved 310 | 52 258 Core 4 | 4 . Treads 5 | 5 . Legs 66 | 43 23 Wheels 235 | . 235 Hover . | . . Flight . | . . Fastest Speed 50 | 50 120 Average Speed 137 | 118 141 Slowest Speed 200 | 160 200 Overloaded Moves . | . . Propulsion Burnouts . | . . Robots Hopped . | . . Potential Cave-ins . | . . Cave-ins Triggered . | . . Exploration Rate (%) 19 | 4 34 Regions Visited 1 Branch Regions . Pre-discovered Areas . | . . Known Exits Taken . | . . Unknown Exits Taken 1 | 1 . Scrap Searched . | . . Spaces Dug . | . . Terrain Destroyed . | . . Melee . | . . Projectile . | . . AOE . | . . Terrain Rammed . | . . Walls Destroyed . | . . Machines Disabled . | . . Actions | -11 -10 --------- Run | Yrd Mat Total 382 | 60 322 Wait 2 | . 2 Move 309 | 51 258 Hop . | . . Pick Up 5 | 2 3 Fast Attach 10 | 5 5 Attach 4 | . 4 Detach . | . . Swap 10 | 2 8 Drop . | . . Fire 42 | . 42 Melee . | . . Ram . | . . Kick . | . . Crush . | . . Escape Stasis . | . . Rewire . | . . Trap . | . . Miscellaneous . | . . Route ------- -11/Scrapyard -10/Materials (discovered 2 exits: [*Mat] / [*Min]) History --------- Turn | Location | Event 5 | -11/Scrapyard | Discovered new exit (range 16) 74 | -11/Scrapyard | Entered Materials 149 | -10/Materials | Discovered new exit (range 12) 302 | -10/Materials | Build established: Mutant 558 | -10/Materials | Core integrity fell below 50% 564 | -10/Materials | Core integrity fell below 20% 576 | -10/Materials | Discovered new exit (range 16) 576 | -10/Materials | Destroyed by S-10 Pest with Light Assault Rifle Last Messages --------------- 00498_ Acquired Lgt. Treads. 00501_ Acquired 43 matter. 00517_ S-10 Pest destroyed. 00528_ S-10 Pest knocked back. 00531_ S-10 Pest suffers critical hit (Blast). 00531_ Destroyed Flight Unit. 00531_ S-10 Pest knocked back. 00544_ Lgt. Cannon destroyed. 00546_ Wheel destroyed. 00551_ Lgt. Treads destroyed. 00556_ Ion Engine destroyed. 00557_ Wheel destroyed. 00564_ S-10 Pest destroyed. 00566_ R-06 Scavenger collects Flight Unit. 00566_ Lgt. Assault Rifle destroyed. 00566_ S-10 Pest destroyed. 00568_ K-01 Serf collects debris. 00568_ Acquired 15 matter. 00569_ R-06 Scavenger collects Flight Unit. 00576_ EXIT=FOUND Map ----- +----------------------------------------------------+ | ##?????# """ # """ ????????????????? | | ???????# """ ## """ #???????????????? | | ???????# ## """ ???????????????? | | ???????# "Y" ## ???????????????? | | ???????# """ ## ^ ???????????????? | | ???????########## """ ####??????????????????? | | ????????????????# """ #?????????????????????? | | ????????????????# """ #?????????????????????? | | ????????????????# #???????? ???????????? | | ????????????????# #??????? """ ?????? | | ???????????????## """ #??????? """ ?????? | | ???????????????#T """ %#?????? """ ?????? | | ???????????????## """ % #?????? ????? | | ????????????????# % ####### ????? | | ?????????######## % % ???? | | ?????? % % % ???? | | ?????? "T" = %^ #????? | | ?????? """ | ^ #????? | | ???????####################### #????? | | ?????????????????????????????# ######### +????? | | ?????????????????????######### #???????????????? | | ?????????????????????# + %= #???????????????? | | ?????????????????????# """=## % #???????????????? | | ?????????????????????# s"T"s## % #???????????????? | | ?????????????????????# ## #???????????????? | | ?????????????????????# @ ## #???????????????? | | ?????????????????????# ## #???????????????? | | ?????????????????????####s### ???????????????? | | ???????????????????????? ?? #??????????????? | | ??????????????????????? ?? ??????????????? | | ??????????????????????? r?? =% ?????????????? | | ?????????????????????? k ?? %##?????????????? | | ?????????????????????""" #?######??????????????? | | ?????????????????????""" #?????????????????????? | | ?????????????????????""" #?????????????????????? | | ??????????????????????? ?????????????????????? | | ??????????????????????? ?????????????????????? | | ??????????????????????? ?????????????????????? | | ???????????????????????### ?????????????????????? | | ?????????????????????????? ?????????????????????? | | ??????????????????????????